[Event "*** Titled Tuesday Blitz"]
[Site "Chess.com"]
[Date "2020.05.19"]
[Round "3"]
[White "Karacsonyi_Gellert"]
[Black "Azoulas1"]
[Result "1-0"]
[WhiteElo "2464"]
[BlackElo "1961"]
[TimeControl "180+1"]
[EndTime "12:25:53 PDT"]
[Termination "Karacsonyi_Gellert won by checkmate"]

1. e4 c5 2. Nf3 e6 3. d4 cxd4 4. Nxd4 Nf6 5. Nc3 d6 6. Be3 Be7 7. f4 O-O 8. Qf3 a6 9. g4 Nc6 10. g5 Nd7 11. O-O-O Qc7 12. h4 Nxd4 13. Bxd4 e5 14. Be3 b5 15. Nd5 Qd8 16. f5 f6 17.
g6 h6 18. Qh5 Re8 19. Rg1 Bf8 20. Be2 Bb7 21. Bxh6 gxh6 22. g7 Bxg7 23. Rxg7+ Kxg7 24. Rg1+ Kf8 25. Qxh6+ Kf7 26. Qg7# 1-0

[Event "*** Titled Tuesday Blitz"]
[Site "Chess.com"]
[Date "2020.05.19"]
[Round "3"]
[White "Bulldog167"]
[Black "Feegus"]
[Result "1-0"]
[WhiteElo "2784"]
[BlackElo "2450"]
[TimeControl "180+1"]
[EndTime "12:25:55 PDT"]
[Termination "Bulldog167 won by resignation"]

1. d4 Nf6 2. c4 c5 3. d5 b5 4.
cxb5 a6 5. bxa6 g6 6. Nc3 Bg7 7. e4 Bxa6 8. Nf3 Bxf1 9. Kxf1 d6 10. g3 Nbd7 11. Kg2 O-O 12. Re1 Ra6 13. a4 Qa8 14. Ra3 Rc8 15. Qc2 c4 16. Be3 e6 17. Rd1 Nc5 18. Bd4 Nd3 19. Bxf6 Bxf6 20. Ne1 Bxc3 21. Rxc3 exd5 22. Nxd3 dxe4 23. Nf4 e3+ 24.
Kg1 exf2+ 25. Qxf2 Rxa4 26. Nd5 Rc5 27. Nb6 Ra1 28. Nxa8 Rxd1+ 29. Kg2 Rf5 30. Rf3 1-0

[Event "*** Titled Tuesday Blitz"]
[Site "Chess.com"]
[Date "2020.05.19"]
[Round "3"]
[White "Kopytkin"]
[Black "827883"]
[Result "1-0"]
[WhiteElo "2349"]
[BlackElo "2181"]
[TimeControl "180+1"]
[EndTime "12:25:56 PDT"]
[Termination "Kopytkin won by resignation"]

1. e4 e5 2. Nf3 Nc6 3. Bc4 Nf6 4. d3 Bc5 5. Nc3 O-O 6. Bg5 Be7 7. O-O h6 8. Bh4 a5 9. Re1 Re8 10. d4 d6 11. h3 Nh5 12. Bxe7 Qxe7 13. Nd5 Qd8 14. dxe5 dxe5 15. Qd2 Nf6 16. Rad1 Be6 17. Bb5 Bd7 18.
Nxf6+ Qxf6 19. Qxd7 Re7 20. Qf5 Qxf5 21. exf5 Nb4 22. Rxe5 Rxe5 23. Nxe5 c6 24. Bc4 Nxc2 25. Rd7 1-0

[Event "*** Titled Tuesday Blitz"]
[Site "Chess.com"]
[Date "2020.05.19"]
[Round "3"]
[White "GregShahade"]
[Black "Mirzaad786"]
[Result "1-0"]
[WhiteElo "2506"]
[BlackElo "2252"]
[TimeControl "180+1"]
[EndTime "12:25:57 PDT"]
[Termination "GregShahade won by resignation"]

1. e4 d5 2. exd5 Qxd5 3. Nc3 Qa5 4. d4 c6 5. Nf3 Bg4 6. h3 Bh5 7. g4 Bg6 8. Ne5 Nf6 9. h4 Be4 10. Rh3 Bd5 11. Bd2 Qc7 12. Qe2 Nbd7 13. O-O-O e6 14. g5 Nxe5 15. dxe5 Nd7 16. f4 O-O-O 17. Nxd5 cxd5 18.
Rc3 Bc5 19. b4 d4 20. Rc4 b5 21. Rxc5 Nxc5 22. bxc5 Qxc5 23. Qxb5 Qxb5 24. Bxb5 h6 25. Bb4 hxg5 26. hxg5 Rh4 27. Ba6+ Kc7 28. Ba5+ Kd7 29. Rxd4+ 1-0

[Event "*** Titled Tuesday Blitz"]
[Site "Chess.com"]
[Date "2020.05.19"]
[Round "3"]
[White "ajian"]
[Black "cukin84"]
[Result "1-0"]
[WhiteElo "2331"]
[BlackElo "2122"]
[TimeControl "180+1"]
[EndTime "12:26:03 PDT"]
[Termination "ajian won by resignation"]

1. d4 f5 2. g3 Nf6 3. Bg2 g6 4. Nf3 Bg7 5. O-O O-O 6. c4 d6 7. Nc3 Qe8 8. d5 a5 9. Nd4 Na6 10. a3 h6 11. Rb1 Qf7 12. b4 axb4 13. axb4 Nd7 14. Ncb5 Ne5 15. Qc2 Bd7 16. Ne6 Bxb5 17. cxb5 Nxb4 18. Rxb4 Rfc8 19. Nxg7 Qxg7 20. Bb2 Qf7 21.
Ra4 Ng4 22. Rxa8 Rxa8 23. Qxc7 f4 24. Qxb7 Rf8 25. Bh3 h5 26. f3 fxg3 27. hxg3 1-0

[Event "*** Titled Tuesday Blitz"]
[Site "Chess.com"]
[Date "2020.05.19"]
[Round "3"]
[White "EvgenyRomanov"]
[Black "northridgehawk"]
[Result "1-0"]
[WhiteElo "2684"]
[BlackElo "2258"]
[TimeControl "180+1"]
[EndTime "12:26:05 PDT"]
[Termination "EvgenyRomanov won by resignation"]

1. e4 e5 2. Nf3 Nc6 3. Bb5 a6 4. Ba4 Nf6 5. O-O b5 6. Bb3 Bc5 7. d3 d6 8. a4 Rb8 9. axb5 axb5 10. h3 Bb6 11. Nc3 O-O 12. Nxb5 Re8 13. Nc3 Nh5 14. Ng5 Nf4 15. Bxf4 exf4 16. Qh5 h6 17. Qxf7+ Kh8 18. Qg6 Bf5 19. Nf7+ 1-0

[Event "*** Titled Tuesday Blitz"]
[Site "Chess.com"]
[Date "2020.05.19"]
[Round "3"]
[White "jtayar88"]
[Black "Koalaskakistis"]
[Result "0-1"]
[WhiteElo "2548"]
[BlackElo "2471"]
[TimeControl "180+1"]
[EndTime "12:26:05 PDT"]
[Termination "Koalaskakistis won by resignation"]

1. e4 e5 2. Nf3 Nc6 3. Nc3 Nf6 4. d4 exd4 5. Nd5 Nb4 6. Nxf6+ Qxf6 7. Bc4 Bc5 8. O-O d6 9. e5 dxe5 10. Bg5 Qf5 11. Nxe5 O-O 12. a3 Nxc2 13. Nxf7 Rxf7 14. Bxf7+ Kxf7 15. Rc1 d3 16. Be3 Bd6 17. Qd2 Bd7 0-1

[Event "*** Titled Tuesday Blitz"]
[Site "Chess.com"]
[Date "2020.05.19"]
[Round "3"]
[White "CrushingKings"]
[Black "Off-War"]
[Result "0-1"]
[WhiteElo "2507"]
[BlackElo "2748"]
[TimeControl "180+1"]
[EndTime "12:26:06 PDT"]
[Termination "Off-War won by resignation"]

1. e4 e5 2. Nf3 Nc6 3. Bc4 Nf6 4. d3 h6 5. O-O d6 6. c3 g5 7. d4 g4 8. Ne1 Nxe4 9. f3 Nf6 10. fxg4 d5 11. Bb5 Bxg4 12. Qa4 Bd7 13. dxe5 Nxe5 14. Bxd7+ Qxd7 15. Qf4 Neg4 16. Nd3 Bd6 17. Re1+ Kf8 18.
Qf3 Bxh2+ 19. Kh1 Ne4 20. Bf4 Bxf4 21. Nxf4 Re8 22. Ng6+ Kg7 23. Nxh8 Nef2+ 0-1

[Event "*** Titled Tuesday Blitz"]
[Site "Chess.com"]
[Date "2020.05.19"]
[Round "3"]
[White "sergeikim"]
[Black "politeplayer"]
[Result "1-0"]
[WhiteElo "2402"]
[BlackElo "2201"]
[TimeControl "180+1"]
[EndTime "12:26:06 PDT"]
[Termination "sergeikim won by checkmate"]

1. d4 Nf6 2. c4 c5 3. d5 e6 4. Nc3 exd5 5. cxd5 d6 6. e4 g6 7. Nge2 Bg7 8. Ng3 O-O 9. Be2 Na6 10. O-O Nc7 11. Bf4 Rb8 12. a4 Qe7 13. Qd2 Nd7 14. Bh6 Bxh6 15. Qxh6 a6 16. f4 f6 17. e5 dxe5 18. f5 g5 19. Nh5 b5 20.
d6 Qf7 21. dxc7 Rb6 22. axb5 Bb7 23. Bc4 Qxc4 24. Qg7# 1-0

[Event "*** Titled Tuesday Blitz"]
[Site "Chess.com"]
[Date "2020.05.19"]
[Round "3"]
[White "NIGWAPO"]
[Black "MITerryble"]
[Result "0-1"]
[WhiteElo "2564"]
[BlackElo "2845"]
[TimeControl "180+1"]
[EndTime "12:26:07 PDT"]
[Termination "MITerryble won by resignation"]

1. e4 e6 2. d4 d5 3. Bd3 dxe4 4. Bxe4 Nf6 5. Bf3 Nbd7 6. Ne2 e5 7. Nbc3 Bd6 8. O-O O-O 9. d5 Re8 10. Ng3 a6 11. Re1 Nb6 12. Bg5 h6 13. Be3 Nc4 14.
Bc1 Bb4 15. Qd3 Nd6 16. a3 e4 17. Ngxe4 Bxc3 18. bxc3 Nfxe4 19. Bxe4 f5 20. f3 fxe4 21. fxe4 Qf6 22. Bb2 b5 23. Rab1 Nc4 24. a4 Bd7 25. axb5 axb5 26. Qd4 Qxd4+ 27. cxd4 Nd2 28. e5 Nxb1 29.
Rxb1 Bf5 30. Bc3 Rab8 31. Rb2 Be4 32. Ba5 Bxd5 33. Bxc7 Rb7 34. Bd6 Bc4 35. Bb4 Rf7 36. h3 Re6 37. c3 Ra6 38. Kh2 Ra2 39. Rxa2 Bxa2 40. g4 Rf3 41. Kg2 Bd5 0-1

[Event "*** Titled Tuesday Blitz"]
[Site "Chess.com"]
[Date "2020.05.19"]
[Round "3"]
[White "Mikhail_Biryukov"]
[Black "GasconJR"]
[Result "1-0"]
[WhiteElo "2650"]
[BlackElo "2411"]
[TimeControl "180+1"]
[EndTime "12:26:08 PDT"]
[Termination "Mikhail_Biryukov won by resignation"]

1. e4 c5 2. Nf3 Nc6 3. d4 cxd4 4.
Nxd4 Nf6 5. Nc3 e5 6. Ndb5 d6 7. Bg5 a6 8. Na3 b5 9. Nd5 Be7 10. Bxf6 Bxf6 11. c4 b4 12. Nc2 O-O 13. g3 a5 14. h4 Be6 15. Qd2 Be7 16. Nce3 Nd4 17. O-O-O Qd7 18. Kb1 Bd8 19. f4 f5 20. exf5 Nxf5 21. fxe5 dxe5 22. Bh3 Nd4 23. Bxe6+ Qxe6 24. Qd3 Ra7 25. Qe4 Raf7 26. Rxd4 Qg6 27. Qxg6 e4 1-0

[Event "*** Titled Tuesday Blitz"]
[Site "Chess.com"]
[Date "2020.05.19"]
[Round "3"]
[White "fridaywins"]
[Black "Savva09022009"]
[Result "0-1"]
[WhiteElo "2246"]
[BlackElo "2422"]
[TimeControl "180+1"]
[EndTime "12:26:08 PDT"]
[Termination "Savva09022009 won by resignation"]

1. e4 c5 2. Nf3 Nc6 3. Bb5 Nf6 4. e5 Ng4 5. Bxc6 dxc6 6. b3 g6 7. Bb2 Bg7 8. d3 O-O 9. Nbd2 Nh6 10. O-O Nf5 11. Ne4 b6 12. Ng3 Nd4 13. Nxd4 cxd4 14. f4 c5 15. Qe2 Bb7 16. e6 f5 17. Rfe1 Qd5 18. Nf1 Rf6 19. Nd2 Rc8 20. Qf3 Qxf3 21.
Nxf3 Bxf3 22. gxf3 Rc6 23. Kf2 Rfxe6 24. Rxe6 Rxe6 25.
Re1 Rxe1 26. Kxe1 Bh6 27. Bc1 e5 28. Kd1 Bxf4 0-1

[Event "*** Titled Tuesday Blitz"]
[Site "Chess.com"]
[Date "2020.05.19"]
[Round "3"]
[White "themind1hunter"]
[Black "FLamps8"]
[Result "1-0"]
[WhiteElo "2370"]
[BlackElo "2538"]
[TimeControl "180+1"]
[EndTime "12:26:10 PDT"]
[Termination "themind1hunter won by resignation"]

1. e4 c6 2. d4 d5 3. Nc3 dxe4 4. Nxe4 Bf5 5. Ng3 Bg6 6. h4 h6 7. Nf3 e6 8. Ne5 Bh7 9. Bd3 Qxd4 10. Nxf7 Bxd3 11. Nxh8 Qe5+ 12. Be3 Bh7 13. O-O Nd7 14. Bd4 Qd5 15. Qh5+ Qxh5 16. Nxh5 Ngf6 17. Nxf6+ gxf6 18. h5 e5 19. Be3 Bxc2 20. f4 O-O-O 21. Ng6 Bg7 22. fxe5 Nxe5 23. Nxe5 fxe5 24. Rf7 Rd7 25. Raf1 e4 26. Rxd7 1-0

[Event "*** Titled Tuesday Blitz"]
[Site "Chess.com"]
[Date "2020.05.19"]
[Round "3"]
[White "Mimsychess"]
[Black "Stormeman100100"]
[Result "0-1"]
[WhiteElo "2253"]
[BlackElo "2545"]
[TimeControl "180+1"]
[EndTime "12:26:11 PDT"]
[Termination "Stormeman100100 won by resignation"]

1. d4 Nf6 2. c4 e6 3. Nc3 Bb4 4.
e3 O-O 5. Bd2 d5 6. Nf3 b6 7.
cxd5 exd5 8. Ne5 Bb7 9. Bd3 Bd6 10. O-O c5 11. Rc1 Nc6 12. Nxc6 Bxc6 13. Qf3 Ne4 14. Bxe4 dxe4 15. Nxe4 Qh4 16. g3 Qxe4 17. Qxe4 Bxe4 18. f3 Bg6 19. dxc5 Bxc5 20. b4 Be7 21. Rc7 Bf6 22.
e4 Be5 23. Re7 Bd4+ 24. Kg2 Rac8 25. f4 Bf6 26. Rd7 Bxe4+ 0-1

[Event "*** Titled Tuesday Blitz"]
[Site "Chess.com"]
[Date "2020.05.19"]
[Round "3"]
[White "gvanna"]
[Black "Mbneu"]
[Result "1-0"]
[WhiteElo "2453"]
[BlackElo "2232"]
[TimeControl "180+1"]
[EndTime "12:26:23 PDT"]
[Termination "gvanna won by resignation"]

1. e4 c5 2. Nf3 Nf6 3. Nc3 d5 4. exd5 Nxd5 5. Bc4 Nb6 6. Bb5+ Bd7 7. O-O Bxb5 8.
Nxb5 a6 9. Nc3 Nc6 10. Re1 e6 11. b3 Be7 12. Bb2 Bf6 13. Qc1 O-O 14. Ne4 Bxb2 15. Qxb2 Qd5 16. c4 Qh5 17. Nd6 Rad8 18. Nxb7 Rd7 19.
Ne5 Rxb7 20. Nxc6 Nxc4 21. Qc3 Qd5 22. Ne5 Nxd2 23. Rad1 Ne4 24. Qb2 1-0

[Event "*** Titled Tuesday Blitz"]
[Site "Chess.com"]
[Date "2020.05.19"]
[Round "3"]
[White "ENEASZ"]
[Black "1f3_2g41-0"]
[Result "1-0"]
[WhiteElo "2534"]
[BlackElo "2306"]
[TimeControl "180+1"]
[EndTime "12:26:25 PDT"]
[Termination "ENEASZ won by checkmate"]

1. e4 c5 2. c3 d5 3. exd5 Qxd5 4. d4 Nf6 5. Nf3 e6 6. Na3 Nc6 7. Nb5 Qd8 8. Bf4 Nd5 9. Bg3 a6 10. Na3 cxd4 11. Nxd4 Nxd4 12. Qxd4 Bxa3 13. Qa4+ b5 14. Qxa3 Bb7 15. Be2 Qe7 16. Bd6 Qg5 17. Bg3 Qe7 18. Bd6 Qg5 19. Bf3 Rd8 20. O-O Nb6 21. Bxb7 Nc4 22.
Bc6+ Rd7 23. Qxa6 Nxd6 24. Qa8+ Ke7 25. Qxh8 Rc7 26. Qa8 h5 27. Rad1 Qc5 28. Bf3 h4 29. h3 g5 30. Rd4 Nf5 31. Qd8# 1-0

[Event "*** Titled Tuesday Blitz"]
[Site "Chess.com"]
[Date "2020.05.19"]
[Round "3"]
[White "Khamrakulov_Djurabek"]
[Black "almaguerjm"]
[Result "1-0"]
[WhiteElo "2793"]
[BlackElo "2338"]
[TimeControl "180+1"]
[EndTime "12:26:25 PDT"]
[Termination "Khamrakulov_Djurabek won by resignation"]

1. e4 e5 2. Nf3 Nc6 3. d4 exd4 4. Nxd4 Nf6 5. Nc3 Bb4 6. Nxc6 bxc6 7. Bd3 d5 8. exd5 Bg4 9. Be2 Bxc3+ 10. bxc3 Bxe2 11.
Qxe2+ Kf8 12. Ba3+ Kg8 13. dxc6 Qd5 14. O-O Qxc6 15.
c4 h5 16. Rfe1 Rh6 17. Rad1 Rg6 18. f3 h4 19. h3 Nh5 20. Qe4 Re6 21. Qxh4 Rxe1+ 22. Rxe1 g6 23. Qd4 Re8 24. Rxe8+ Qxe8 25. Kf2 a6 26.
Bb2 f6 27. g4 1-0

[Event "*** Titled Tuesday Blitz"]
[Site "Chess.com"]
[Date "2020.05.19"]
[Round "3"]
[White "Baby_Shak"]
[Black "TheoSlade"]
[Result "1-0"]
[WhiteElo "2593"]
[BlackElo "2393"]
[TimeControl "180+1"]
[EndTime "12:26:26 PDT"]
[Termination "Baby_Shak won by resignation"]

1. d4 Nf6 2. Bf4 d5 3. Nd2 c5 4. e3 Nc6 5. Ngf3 Qb6 6. dxc5 Qxb2 7.
Rb1 Qa3 8. Bb5 e6 9. O-O Bxc5 10.
Ne5 Bd7 11. Ndc4 dxc4 12. Nxc4 Qxa2 13. Ra1 Qxa1 14. Qxa1 O-O 15. Rd1 Rfd8 16. Bc7 Rdc8 17. Bd6 Bxd6 18. Nxd6 Rc7 19. e4 Ne7 20. Bxd7 Rxd7 21.
e5 Nfd5 22. c4 Nb6 23. Rb1 Rc7 24. Rxb6 Nc6 25. Rxb7 Rxb7 26. Nxb7 Nxe5 27. Qxe5 a5 28. Nxa5 Rd8 29. h3 1-0

[Event "*** Titled Tuesday Blitz"]
[Site "Chess.com"]
[Date "2020.05.19"]
[Round "3"]
[White "Sebastian"]
[Black "IIIlllII1llIl"]
[Result "1-0"]
[WhiteElo "2912"]
[BlackElo "2631"]
[TimeControl "180+1"]
[EndTime "12:26:28 PDT"]
[Termination "Sebastian won by resignation"]

1. e4 e5 2. Nf3 Nc6 3. Bb5 Nf6 4.
d3 d6 5. O-O Bd7 6. Re1 a6 7.
Bxc6 Bxc6 8. c4 Be7 9. Nc3 b5 10.
d4 bxc4 11. dxe5 dxe5 12. Qxd8+ Rxd8 13. Nxe5 Bxe4 14. Nxe4 Nxe4 15. Nc6 Rd7 16. Bf4 f5 17.
Rac1 O-O 18. Nxe7+ Rxe7 19. f3 g5 20. Bxg5 1-0

[Event "*** Titled Tuesday Blitz"]
[Site "Chess.com"]
[Date "2020.05.19"]
[Round "3"]
[White "fodorpoti"]
[Black "1g41-0"]
[Result "1-0"]
[WhiteElo "2769"]
[BlackElo "2517"]
[TimeControl "180+1"]
[EndTime "12:26:29 PDT"]
[Termination "fodorpoti won by resignation"]

1. d4 d5 2. c4 c6 3. Nc3 Nf6 4. cxd5 cxd5 5. Bf4 Nc6 6. e3 Bf5 7. Qb3 Na5 8. Qa4+ Bd7 9. Qc2 Rc8 10. Bd3 e6 11.
Nf3 Bb4 12. O-O O-O 13. Ne5 Be8 14. Rac1 h6 15. Qe2 a6 16. Qf3 Nc6 17. Ne2 Nxe5 18. Bxe5 Rxc1 19. Rxc1 Bd6 20. Qg3 Bxe5 21. dxe5 Nd7 22.
Nd4 Qb6 23. b3 Nc5 24. Bb1 Bb5 25. f4 Bd3 26. f5 Bxb1 27. Rxb1 Ne4 28. Qg4 exf5 29.
Nxf5 g6 30. Ne7+ Kg7 31. Nxd5 f5 32. Qxe4 fxe4 33. Nxb6 1-0

[Event "*** Titled Tuesday Blitz"]
[Site "Chess.com"]
[Date "2020.05.19"]
[Round "3"]
[White "Ranindu2003"]
[Black "WonderChampion"]
[Result "1-0"]
[WhiteElo "2463"]
[BlackElo "1933"]
[TimeControl "180+1"]
[EndTime "12:26:33 PDT"]
[Termination "Ranindu2003 won by resignation"]

1. e4 c5 2. Nf3 g6 3. c3 Nf6 4. e5 Nd5 5. d4 cxd4 6. cxd4 Bg7 7. Nc3 Nxc3 8. bxc3 d6 9. exd6 Qxd6 10. Be2 O-O 11. O-O Bf5 12. a4 Nc6 13. Ba3 Qd7 14. h3 Rac8 15.
Re1 Be6 16. Ng5 Bf5 17. Bb5 Be6 18. Nxe6 fxe6 19. Bc4 Nxd4 20. Bxe6+ Nxe6 21. Qxd7 Nf4 22. Rxe7 Bf6 23. Rxh7 Rcd8 24. Qxb7 Rb8 25. Bxf8 Rxb7 26.
Rxb7 Kxf8 27. Rxa7 Bxc3 28. Rb1 Be5 29. Rbb7 1-0

[Event "*** Titled Tuesday Blitz"]
[Site "Chess.com"]
[Date "2020.05.19"]
[Round "3"]
[White "WeAintSurePal"]
[Black "ChessMavenYeti"]
[Result "0-1"]
[WhiteElo "2299"]
[BlackElo "2090"]
[TimeControl "180+1"]
[EndTime "12:26:34 PDT"]
[Termination "ChessMavenYeti won by resignation"]

1. e4 e5 2. Nf3 Nf6 3. Nxe5 d6 4. Nf3 Nxe4 5. Nc3 Nxc3 6. dxc3 Be7 7. Be3 O-O 8. Qd2 Qe8 9. O-O-O Qa4 10. Kb1 Be6 11. a3 Nc6 12. Nd4 Nxd4 13. cxd4 d5 14. Bd3 b5 15. c3 a5 16. Bc2 Qc4 17. Bd3 Qc6 18. Rc1 Qb7 19. f4 b4 20. cxb4 axb4 21. axb4 Bxb4 22.
Qc2 Qa7 23. Qb3 Bd6 24. f5 Rfb8 25. Qc3 Bb4 26. Qc6 Qa2+ 27. Kc2 Rb6 28. Qxb6 cxb6 29. fxe6 Rc8+ 30. Kd1 Qb3+ 31. Ke2 Qxb2+ 32. Kf3 Rf8 33. e7 Bxe7 34. Rb1 Qa3 35. Be2 Bg5 0-1

[Event "*** Titled Tuesday Blitz"]
[Site "Chess.com"]
[Date "2020.05.19"]
[Round "3"]
[White "queen_iryna"]
[Black "Skatchkov_V"]
[Result "0-1"]
[WhiteElo "2335"]
[BlackElo "2545"]
[TimeControl "180+1"]
[EndTime "12:26:35 PDT"]
[Termination "Skatchkov_V won by resignation"]

1. d4 Nf6 2. Bg5 Ne4 3. Bf4 d5 4. f3 Nf6 5. Nc3 Bf5 6. e4 dxe4 7. Bc4 e6 8. Qe2 Bb4 9. Rd1 Nc6 10. Bb5 O-O 11.
Bxc6 bxc6 12. Qc4 Nd5 13. Bg3 Ne3 14. Qxb4 Nxc2+ 0-1

[Event "*** Titled Tuesday Blitz"]
[Site "Chess.com"]
[Date "2020.05.19"]
[Round "3"]
[White "Chess_Boxer123"]
[Black "boasovietica"]
[Result "0-1"]
[WhiteElo "2559"]
[BlackElo "2393"]
[TimeControl "180+1"]
[EndTime "12:26:36 PDT"]
[Termination "boasovietica won by checkmate"]

1. d4 Nf6 2. c4 g6 3. f3 Bg7 4. e4 O-O 5. Nc3 d6 6. Be3 e5 7. Nge2 c6 8. Qd2 Nbd7 9. d5 cxd5 10. cxd5 a6 11. O-O-O b5 12. Kb1 Nb6 13. b3 b4 14. Bxb6 Qxb6 15. Na4 Qa5 16. g4 Bd7 17. Nb2 Bb5 18. Ng3 Rfc8 19. h4 Rc3 20. Bc4 Rxf3 21.
Ne2 h5 22. gxh5 Nxh5 23. Rdf1 Rxf1+ 24. Rxf1 Qb6 25. Qxb4 Qe3 26. Bxb5 axb5 27. Nc3 Rc8 28. Nxb5 Qe2 29. Rc1 Rxc1+ 30. Kxc1 Bh6+ 31. Kb1 Qf1+ 32. Kc2 Qc1+ 33. Kd3 Nf4# 0-1

[Event "*** Titled Tuesday Blitz"]
[Site "Chess.com"]
[Date "2020.05.19"]
[Round "3"]
[White "A-Fier"]
[Black "RubensCezila"]
[Result "1-0"]
[WhiteElo "2736"]
[BlackElo "2441"]
[TimeControl "180+1"]
[EndTime "12:26:38 PDT"]
[Termination "A-Fier won by resignation"]

1. e4 g6 2. h4 h5 3. Nf3 Bg7 4. d4 d6 5. Ng5 Nc6 6. Be3 Nf6 7.
f3 e5 8. d5 Ne7 9. Nc3 Nh7 10.
Nxh7 Rxh7 11. Qd2 f5 12. Bg5 a6 13. O-O-O Rh8 14. exf5 Bxf5 15. Bd3 Qd7 16. g4 hxg4 17.
fxg4 Bxg4 18. Rdf1 Nf5 19. Rhg1 Bh5 20. Ne4 Rf8 21. Kb1 Nd4 22. Ng3 Nf3 23. Rxf3 Rxf3 24. Nxh5 gxh5 25. Bg6+ Kf8 26. Bxh5 e4 27. Bxf3 exf3 28.
Bh6 1-0

[Event "*** Titled Tuesday Blitz"]
[Site "Chess.com"]
[Date "2020.05.19"]
[Round "3"]
[White "profofchess"]
[Black "GigaQuparadze"]
[Result "0-1"]
[WhiteElo "2458"]
[BlackElo "2855"]
[TimeControl "180+1"]
[EndTime "12:26:39 PDT"]
[Termination "GigaQuparadze won by resignation"]

1. e4 c5 2. Nf3 a6 3. c3 d6 4.
d4 Nd7 5. Bd3 g6 6. O-O Bg7 7.
Re1 cxd4 8. cxd4 Nh6 9. Nc3 O-O 10. a4 Ng4 11. a5 e5 12. dxe5 Ndxe5 13. Nxe5 Bxe5 14.
h3 Qh4 15. Qe2 Nxf2 16. Qxf2 Bg3 17. Qf3 Bxe1 18. Nd5 Bg3 19. Nf6+ Kg7 20. Nd5 Be5 21. Be3 Be6 22. Rf1 Bxd5 23. exd5 f5 24. Rc1 Rf7 25. Qd1 Qg3 26. Bf2 Qh2+ 27. Kf1 Qh1+ 28. Ke2 Qxg2 29. Qh1 Qxh1 0-1

[Event "*** Titled Tuesday Blitz"]
[Site "Chess.com"]
[Date "2020.05.19"]
[Round "3"]
[White "TheFireChess"]
[Black "SidArun"]
[Result "1-0"]
[WhiteElo "2438"]
[BlackElo "2220"]
[TimeControl "180+1"]
[EndTime "12:26:39 PDT"]
[Termination "TheFireChess won by resignation"]

1. e4 c6 2. Nc3 d5 3. d3 dxe4 4.
dxe4 Qxd1+ 5. Nxd1 Nf6 6. f3 e5 7. Bc4 Bc5 8. Be3 Bxe3 9. Nxe3 b5 10. Bb3 Nbd7 11. Ne2 Nc5 12. Nc1 Be6 13. Bxe6 Nxe6 14. Nd3 Nd7 15. c3 g6 16. O-O-O Ke7 17. Rd2 Rhd8 18.
Rhd1 f6 19. Kc2 Nb6 20. b3 c5 21. Ne1 Rxd2+ 22. Rxd2 Rd8 23. Nd5+ Nxd5 24. exd5 Nc7 25. c4 Kd6 26. Nd3 bxc4 27. bxc4 Rb8 28. a3 Na8 29.
Nf2 Nb6 30. Ne4+ Ke7 31. d6+ Kd8 32. Nxc5 Nxc4 33. Rd3 Nxa3+ 34. Rxa3 Rc8 35. Ra5 1-0

[Event "*** Titled Tuesday Blitz"]
[Site "Chess.com"]
[Date "2020.05.19"]
[Round "3"]
[White "InitiatingASC"]
[Black "barbara25"]
[Result "1-0"]
[WhiteElo "2354"]
[BlackElo "2188"]
[TimeControl "180+1"]
[EndTime "12:26:41 PDT"]
[Termination "InitiatingASC won by resignation"]

1. Nf3 Nf6 2. b3 e6 3. Bb2 d5 4. e3 c5 5. c4 Be7 6. cxd5 exd5 7. Bb5+ Bd7 8. Be2 O-O 9. O-O Nc6 10. d3 Rc8 11.
Nbd2 Bd6 12. a3 Re8 13. Rc1 b6 14. Qc2 Bb8 15. Qb1 Qe7 16. Rfe1 Ne5 17. Bd1 Nxf3+ 18. Nxf3 Qd6 19. Qa1 Bg4 20. g3 Re6 21. Ng5 Bxd1 22.
Nxe6 Bg4 23. Bxf6 gxf6 24. Nf4 Bf3 25. b4 h5 26. bxc5 bxc5 27. h4 Kh7 28. Kh2 Rg8 29.
Qc3 d4 30. Qxc5 Qf8 31. Qxd4 Qh6 32. Rb1 1-0

[Event "*** Titled Tuesday Blitz"]
[Site "Chess.com"]
[Date "2020.05.19"]
[Round "3"]
[White "MikeKorovin"]
[Black "Radzio1987"]
[Result "0-1"]
[WhiteElo "2627"]
[BlackElo "2902"]
[TimeControl "180+1"]
[EndTime "12:26:42 PDT"]
[Termination "Radzio1987 won by checkmate"]

1. Nf3 d5 2. g3 c6 3. Bg2 Bg4 4. O-O Nd7 5. b3 e5 6. Bb2 Bd6 7. d4 e4 8. Ne5 Bh5 9. f3 exf3 10. exf3 Ne7 11. Bh3 Nxe5 12. dxe5 Bc5+ 13. Kh1 O-O 14. Nd2 Qb6 15. g4 Bg6 16. f4 Be4+ 17.
Nxe4 dxe4 18. Qe2 e3 19. c4 Rad8 20. Rad1 Ng6 21. f5 Rxd1 22. Qxd1 Rd8 23. Qf3 Nf8 24. e6 Qc7 25. b4 Rd2 26. Bc1 Qxh2# 0-1

[Event "*** Titled Tuesday Blitz"]
[Site "Chess.com"]
[Date "2020.05.19"]
[Round "3"]
[White "kot60"]
[Black "calin_dragomirescu"]
[Result "1-0"]
[WhiteElo "2384"]
[BlackElo "2196"]
[TimeControl "180+1"]
[EndTime "12:26:42 PDT"]
[Termination "kot60 won by resignation"]

1. e4 g6 2. d4 Bg7 3. c3 d6 4.
Bd3 Nf6 5. f3 O-O 6. Ne2 Nc6 7.
h4 e5 8. h5 exd4 9. cxd4 Nxh5 10. g4 Nf6 11. Bh6 Bxg4 12. Bxg7 Kxg7 13. fxg4 Nxg4 14.
Qd2 h5 15. Nbc3 Qf6 16. O-O-O Nxd4 17. Nd5 Nxe2+ 18. Bxe2 Qe5 19. Bxg4 c6 20. Ne3 Qxe4 21. Bh3 d5 22. Nf5+ Kf6 23. Qc3+ Qe5 24. Qd2 gxf5 25.
Qh6+ 1-0

[Event "*** Titled Tuesday Blitz"]
[Site "Chess.com"]
[Date "2020.05.19"]
[Round "3"]
[White "Shield12"]
[Black "Aemulus20"]
[Result "1-0"]
[WhiteElo "2820"]
[BlackElo "2577"]
[TimeControl "180+1"]
[EndTime "12:26:48 PDT"]
[Termination "Shield12 won by checkmate"]

1. e4 c5 2. Nf3 d6 3. c3 Nf6 4. h3 Nc6 5. Bd3 g6 6. Bc2 Bg7 7. O-O O-O 8. d4 e5 9. Re1 Re8 10. dxc5 dxc5 11. Nbd2 Qc7 12. Qe2 h6 13. a4 b6 14. Nf1 Be6 15. Ne3 Rad8 16. b3 Na5 17. c4 Nc6 18. Nd5 Bxd5 19. cxd5 Nd4 20. Qd1 a5 21. Bd3 Rf8 22. Nxd4 exd4 23. f4 Rfe8 24. Bd2 Nh5 25. Qf3 Nf6 26. Bc4 g5 27. e5 Nd7 28.
d6 Qb8 29. Qh5 Rf8 30. fxg5 Nxe5 31. gxh6 Nxc4 32. hxg7 Nxd2 33. Qh8# 1-0

[Event "*** Titled Tuesday Blitz"]
[Site "Chess.com"]
[Date "2020.05.19"]
[Round "3"]
[White "SaySpade4VIP"]
[Black "ZverevLev"]
[Result "1-0"]
[WhiteElo "2680"]
[BlackElo "2170"]
[TimeControl "180+1"]
[EndTime "12:26:48 PDT"]
[Termination "SaySpade4VIP won by resignation"]

1. d4 Nf6 2. Bg5 Ne4 3. h4 d5 4.
Nd2 Nxg5 5. hxg5 c5 6. dxc5 e6 7. Ngf3 Bxc5 8. e4 Nc6 9. Bd3 Nb4 10. Nb3 Nxd3+ 11. Qxd3 Bb6 12. O-O-O d4 13. e5 h6 14.
gxh6 Rxh6 15. Rxh6 gxh6 16. Qh7 Qd5 17. Nbxd4 Bxd4 18. Rxd4 Qa5 19. Qxh6 Ke7 20. Qf6+ Ke8 21. Ng5 Qc7 22.
Rd8+ 1-0

[Event "*** Titled Tuesday Blitz"]
[Site "Chess.com"]
[Date "2020.05.19"]
[Round "3"]
[White "ChelsieMonica"]
[Black "The_Chess_Coach"]
[Result "1-0"]
[WhiteElo "2333"]
[BlackElo "2130"]
[TimeControl "180+1"]
[EndTime "12:26:49 PDT"]
[Termination "ChelsieMonica won by resignation"]

1. c4 Nf6 2. Nc3 g6 3. Nf3 Bg7 4. e3 d6 5. d4 O-O 6. Be2 c5 7.
O-O a6 8. d5 Nbd7 9. h3 b5 10.
cxb5 axb5 11. Bxb5 Rb8 12. a4 Ne8 13. e4 Nc7 14.
Qe2 Nxb5 15. axb5 Qc7 16. Bg5 Re8 17. Bf4 c4 18. Rfc1 Nc5 19. Qxc4 Bd7 20. b4 Na6 21.
Qb3 Bxb5 22. Nxb5 Qb6 23. Rxa6 Qxb5 24. Rac6 Qxb4 25. Qxb4 Rxb4 26. R6c4 Rb2 27. Be3 Rb5 28. Nd4 Rb2 29. Rc7 e6 30. Rc8 Kf8 31. dxe6 1-0